 Dungeon Crawl Stone Soup version 0.27.1-3-gb3d3a73c9e (webtiles) character file.

Game seed: 12690693044776362323

25 horus123 the Skirmisher (level 2, -4/25 HPs)
             Began as a Palentonga Abyssal Knight on Oct 29, 2021.
             Was an Initiate of Lugonu.
             Slain by Terence (6 damage)
             ... on level 2 of the Dungeon.
             The game lasted 00:02:15 (789 turns).

horus123 the Skirmisher (Palentonga Abyssal Knight)  Turns: 789, Time: 00:02:15

Health: -4/25      AC:  4    Str: 12 (15) XL:     2   Next: 86%
Magic:  3/3        EV: 13    Int:  9 (12) God:    Lugonu [......]
Gold:   42         SH:  0    Dex:  8 (9)  Spells: 1/1 levels left

rFire    . . .     SeeInvis +   a - +1 falchion
rCold    . . .     Faith    .   (no shield)
rNeg     . . .     Spirit   .   b - +0 leather armour
rPois    .         Reflect  .   (no helmet)
rElec    .         Harm     .   (no cloak)
rCorr    .         Rampage  .   (no gloves)
Will     .....                  (no barding)
Stlth    +.........             (no amulet)
HPRegen  0.08/turn              j - +4 ring of evasion
MPRegen  0.08/turn              (no ring)

@: no status effects
A: large, rugged brown scales 3, see invisible, deformed body, roll 1, armoured
tail
a: Rolling Charge, Renounce Religion


You were on level 2 of the Dungeon.
You worshipped Lugonu.
Lugonu was noncommittal.
You visited 1 branch of the dungeon, and saw 2 of its levels.
You visited the Abyss 1 time.

You collected 42 gold pieces.

Inventory:

Hand Weapons
 a - a +1 falchion (weapon)
Armour
 b - a +0 leather armour (worn)
Jewellery
 j - a +4 ring of evasion (left hand)
Scrolls
 c - a scroll of fear {unknown}
 e - 2 scrolls of identify {unknown}
 f - a scroll of noise {unknown}
 g - a scroll of immolation {unknown}
 h - a scroll of magic mapping {unknown}
 i - a scroll of teleportation {unknown}
Potions
 d - a potion of degeneration


   Skills:
 + Level 3.5 Fighting
 + Level 2.1 Long Blades
 + Level 1.7 Armour
 + Level 1.3 Dodging
 + Level 2.1 Invocations


You had one spell level left.
You didn't know any spells.
Your spell library contained the following spells:

 Spells                   Type           Power      Damage    Failure   Level
 Sting                    Tmut/Pois      0%         1d3       45%         1
 Poisonous Vapours        Pois/Air       0%         N/A       61%         2
 Portal Projectile        Hex/Tloc       0%         N/A       83%         3
 Olgreb's Toxic Radiance  Pois           0%         N/A       99%         4
 Blade Hands              Tmut           0%         N/A       100%        5
 Excruciating Wounds      Necr           0%         N/A       100%        5


Dungeon Overview and Level Annotations

Branches:
Dungeon (2/15)

Altars:

Shops:
D:2 (

Annotations:
D:2 Terence


Innate Abilities, Weirdness & Mutations

You are completely covered in rugged brown scales. (AC +3, +7% HP)
You have supernaturally acute eyesight. (SInv)
Armour fits poorly on your strangely shaped body.
You can roll at nearby foes to attack.
You have a long armoured tail.


Message History

You closely miss the adder.
The adder is heavily wounded.
The adder misses you.
You riposte.
You hit the adder.
The adder is severely wounded.
Terence hits you with a +0 hand axe.
You hit the adder.
You kill the adder!
Lugonu accepts your kill. Terence hits you with a +0 hand axe.
Your Dodging skill increases to level 1!
You hit Terence.
Terence is moderately wounded.
Terence hits you with a +0 hand axe.
You hit Terence.
Terence is heavily wounded.
Terence hits you with a +0 hand axe. Terence barely misses you.
You are too injured to fight recklessly!
You are too injured to fight recklessly!
It was a potion of degeneration.
There was something very wrong with that liquid.
You feel weakened.
You feel dopey.
You feel clumsy. Terence hits you with a +0 hand axe.
* * * LOW HITPOINT WARNING * * *
You hit Terence.
Terence is heavily wounded.
Terence misses you.
You hit Terence but do no damage.
Terence is heavily wounded.
Terence hits you with a +0 hand axe.
* * * LOW HITPOINT WARNING * * *
You hit Terence but do no damage.
Terence is heavily wounded.
Terence misses you.
You hit Terence but do no damage.
Terence is heavily wounded.
Terence closely misses you.
You hit Terence.
Terence is almost dead.
Terence barely misses you. Terence hits you with a +0 hand axe.
You die...

#....###..#...#
#+..+ #.##..<#
♣PP♣ #.##...#
♣♣ #.#....#
#...##.#
##†###.######
#....#......##
#........<...##
#........@†...#
#........@†...#
#.............#
#(............#
#.............#
............#
...........##
...##.....##


You could see Terence.

Vanquished Creatures
  An adder (D:2)
  3 ball pythons
  A bat (D:2)
  An endoplasm (D:2)
  2 giant cockroaches
  2 goblins (D:1)
  A hobgoblin (D:1)
  A kobold (D:1)
  A quokka (D:2)
  A frilled lizard (D:1)
14 creatures vanquished.

Notes
Turn   | Place    | Note
-------+----------+-------------------------------------------
     0 | Abyss:1  | horus123 the Palentonga Abyssal Knight began the quest for
                  | the Orb.
     0 | Abyss:1  | Reached XP level 1. HP: 19/19 MP: 2/2
    37 | Abyss:1  | Found a corrupted altar of Lugonu.
    90 | Abyss:1  | Noticed a worldbinder
    91 | D:1      | Escaped the Abyss
   523 | D:1      | Reached XP level 2. HP: 25/25 MP: 3/3
   618 | D:1      | You fall into a shaft and drop 1 floor!
   631 | D:2      | Found Qepyeten's Antique Weapon Emporium.
   777 | D:2      | Noticed Terence
   782 | D:2      | Reached skill level 1 in Dodging
   789 | D:2      | Slain by Terence

Illustrated notes

Levels and vault maps discovered:
D:1:      amcnicky_arrival_underground_garden, layout_loops_corners,
          shapermc_ecumenical_altar_mp_ritualfount, minmay_unequal
D:2:      layout_rooms, serial_shops, shop, uniq_terence,
          uniq_crazy_yiuf_cottage

Skill      XL: |  1  2 |
---------------+-------+-----
Dodging        | 1 |  1.3
Fighting       | |  3.5
Long Blades    | |  2.1
Armour         | |  1.7
Invocations    | |  2.1

Action                   || total
-------------------------++-------
Melee: Falchion          ||    45
       Tailslap          ||     3
Invok: Depart the Abyss  ||     1
 Abil: Rolling Charge    ||     8
  Use: Potion            ||     1
Armor: Leather armour    ||    12
Dodge: Dodged            ||    19
       Rpst.: Falchion   ||     4
